 Dungeon Crawl Stone Soup version 0.29-a0-878-g7b45a56547 (webtiles) character file.

Game seed: 14153343202316069090

3199 zeratav the Tainter (level 9, -4/64 HPs)
             Began as an Octopode Venom Mage on July 19, 2022.
             Was an Initiate of Gozag.
             Shot with a bolt by an orc warrior (13 damage)
             ... in a bailey on July 20, 2022.
             The game lasted 00:15:34 (9171 turns).

zeratav the Tainter (Octopode Venom Mage)           Turns: 9171, Time: 00:15:35

Health: -4/64      AC:  2    Str:  7    XL:     9   Next: 96%
Magic:  3/12       EV: 15    Int: 28    God:    Gozag
Gold:   476        SH:  0    Dex: 12    Spells: 5/12 levels left

rFire   . . .      SeeInvis .   o - +0 dagger (venom) {short}
rCold   . . .      Faith    .   (no shield)
rNeg    + . .      Spirit   .   v - +1 hat
rPois   .          Reflect  .   (no amulet)
rElec   .          Harm     .   c - +6 ring of intelligence
rCorr   .          Rampage  .   s - ring of positive energy
Will    .....                   (no ring)
Stlth   +++++.....              (no ring)
HPRegen 0.20/turn               (no ring)
MPRegen 0.13/turn               (no ring)
                                (no ring)
                                (no ring)

@: no status effects
A: almost no armour, amphibious, 8 rings, camouflage 1, gelatinous body 1,
nimble swimmer 1, tentacles
a: Renounce Religion, Potion Petition, Call Merchant, Bribe Branch


You were in a bailey.
You worshipped Gozag.
Gozag was aware of your devotion.
You visited 2 branches of the dungeon, and saw 8 of its levels.
You also visited: Bailey.

You collected 573 gold pieces.
You spent 44 gold pieces at shops.
You paid 53 gold pieces to Gozag.


Innate Abilities, Weirdness & Mutations

You cannot wear most types of armour.
You are amphibious.
You can wear up to eight rings at the same time.
Your skin changes colour to match your surroundings (Stealth+).
Your rubbery body absorbs attacks. (AC +1, EV +1)
You are camouflaged when in or above water. (Stealth+)
You have tentacles for arms and can constrict up to eight enemies at once.


   Skills:
 - Level 7.0 Fighting
 - Level 7.0 Dodging
 - Level 5.9 Stealth
 - Level 2.0 Spellcasting
 + Level 2.5 Conjurations
 + Level 2.6 Hexes
 - Level 1.0 Transmutations
 - Level 10.0 Poison Magic


You had 5 spell levels left.
You knew the following spells:

 Your Spells              Type           Power      Damage    Failure   Level
a - Sting                 Tmut/Pois      100%       1d8       1%          1
b - Poisonous Vapours     Pois/Air       60%        N/A       1%          2
c - Olgreb's Toxic Radia  Pois           56%        N/A       1%          4

Your spell library contained the following spells:

 Spells                   Type           Power      Damage    Failure   Level
 Magic Dart               Conj           68%        1d6       3%          1
 Searing Ray              Conj           34%        2d5       4%          2
 Mephitic Cloud           Conj/Pois/Air  26%        N/A       4%          3
 Foxfire                  Conj/Fire      40%        2x1d6     5%          1
 Apportation              Tloc           4%         N/A       9%          1
 Conjure Flame            Conj/Fire      10%        6-21      16%         3
 Inner Flame              Hex/Fire       10%        N/A       16%         3
 Alistair's Intoxication  Tmut/Pois      22%        N/A       26%         5
 Fulminant Prism          Conj/Hex       8%         3d7       30%         4
 Flame Wave               Conj/Fire      10%        2d5       47%         4
 Summon Ice Beast         Ice/Summ       2%         N/A       65%         4
 Summon Mana Viper        Hex/Summ       10%        N/A       83%         5
 Monstrous Menagerie      Summ           1%         N/A       100%        7

Inventory:

Hand Weapons
 o - a +0 dagger of venom (weapon) {short}
   (You took it off a goblin on level 2 of the Dungeon)
Armour
 v - a +1 hat (worn)
   (You found it on level 3 of the Dungeon)
Jewellery
 c - a +6 ring of intelligence (left tentacle)
   (You found it on level 1 of the Dungeon)
 j - the ring of Wauguan {rPois Will- Dex+2 SInv}
   (You found it on level 6 of the Dungeon)

   [ring of see invisible]

   Dex:       It affects your dexterity (+2).
   rPois:     It protects you from poison.
   SInv:      It lets you see invisible.
   Will:      It decreases your willpower.
 s - a ring of positive energy (right tentacle)
   (You found it on level 3 of the Dungeon)
Wands
 h - a wand of paralysis (9)
   (You found it on level 6 of the Dungeon)
 w - a wand of mindburst (5)
   (You found it on level 4 of the Dungeon)
Scrolls
 b - 5 scrolls of teleportation {@r4}
 f - 3 scrolls of blinking {!r}
 g - a scroll of magic mapping {!r}
 m - a scroll of immolation {!r!r}
 p - a scroll of vulnerability {!r!r}
 q - 2 scrolls of enchant weapon
 r - a scroll of amnesia
 t - 2 scrolls of fear
Potions
 a - a potion of magic
 d - a potion of attraction {unknown}
 e - a potion of ambrosia {unknown}
 i - 5 potions of curing {@q1}
 k - 2 potions of brilliance
 n - a potion of resistance {unknown}
 u - 2 potions of lignification {unknown}
 x - a potion of might {unknown}
 z - a potion of cancellation {unknown}
 A - a potion of invisibility {unknown}
 B - a potion of heal wounds {unknown}

Dungeon Overview and Level Annotations

Branches:
Dungeon (7/15) Zot: 26818  Temple (1/1) D:5 Zot: 5975  Bailey (1/1) Zot: 5883

Altars:
Ashenzari
Cheibriados
Elyvilon
Fedhas
Gozag
Hepliaklqana
Okawaru
Qazlal
Ru
Sif Muna
Trog
Uskayaw
Vehumet
Wu Jian
Zin
The Shining One

Shops:
D:1 = D:5

(?
..........................
..........................
...........o..............
≈≈≈≈≈≈≈o≈≈≈≈o≈≈≈≈≈≈≈≈≈≈≈≈≈
≈≈###≈≈≈≈≈≈≈≈≈≈≈≈≈≈≈≈≈≈≈#
≈##o##≈≈≈≈≈≈≈≈≈≈≈≈≈≈≈≈≈##.
≈#....≈≈≈≈≈≈≈≈≈§§≈≈≈≈≈≈oo.
≈##.∩#≈$≈≈≈≈≈≈≈§§§§§≈≈≈#∩.
≈≈#.##≈≈≈≈≈≈≈###@§§≈≈≈≈#
o≈≈≈≈≈≈≈≈≈#### ####§≈≈≈≈≈≈
o≈≈≈≈≈≈≈≈## #≈≈≈≈≈≈
≈≈≈≈≈≈≈≈# #≈≈≈≈≈ ≈≈≈≈≈≈≈≈#
≈≈≈≈≈ ≈≈≈≈≈≈≈## #≈≈≈≈
≈≈≈≈≈≈≈# ≈≈≈≈ ≈≈≈≈≈≈≈#


You could see 2 orc warriors.


Message History

HP[+1]
The orc warrior shoots a bolt.
The bolt barely misses you.
Casting: Poisonous Vapours (safe; 1% risk of failure)
Confirm with . or Enter, or press ? or * to list all spells.
Aiming: Poisonous Vapours (safe; 1% risk of failure)
Press: ? - help, Dir - move target, f/p - orc warrior
Aim: an orc warrior, wielding a +0 arbalest and wearing a +0 ring mail (almost dead, very poisoned) Poisonous vapours surround the orc warrior!
The orc warrior looks as sick as possible!
You kill the orc warrior!
You hear a splash. x2
MP[-2]
You lost 2 mp, and now have 4/12 mp.
Casting: Poisonous Vapours (safe; 1% risk of failure)
Confirm with . or Enter, or press ? or * to list all spells.
You don't know that spell.
Casting: Poisonous Vapours (safe; 1% risk of failure)
Confirm with . or Enter, or press ? or * to list all spells.
You begin to radiate toxic energy.
The orc warrior is poisoned.
The orc warrior looks even sicker.
The orc warrior shoots a bolt.
The bolt hits you!
HP[-16] MP[-4]
You take 16 damage, and now have 33/64 hp.
MASSIVE DAMAGE!! (PAUSE)
You lost 4 mp, and now have 0/12 mp.
Your toxic aura wanes.
HP[+1] MP[+1] HP[+1] MP[+1] HP[+1]
You start resting.
An orc is nearby!
HP[+10] MP[+6]
You regained 10 hp, and now have 46/64 hp.
You regained 6 mp, and now have 8/12 mp.
Casting: Olgreb's Toxic Radiance (dangerous; 1% risk of failure)
Confirm with . or Enter, or press ? or * to list all spells.
You begin to radiate toxic energy.
The orc is poisoned.
MP[-4]
You lost 4 mp, and now have 4/12 mp.
You kill the orc!
You hear a splash. x2
Your toxic aura wanes.
MP[+1]
You start resting.
An orc warrior is nearby!
HP[+1]
You start resting.
An orc warrior is nearby!
You start resting.
An orc warrior is nearby!
HP[+1] MP[+1]
Casting: Olgreb's Toxic Radiance (dangerous; 1% risk of failure)
Confirm with . or Enter, or press ? or * to list all spells.
Aiming: Poisonous Vapours (safe; 1% risk of failure)
Press: ? - help, Dir - move target, f - orc warrior
Aim: an orc warrior, wielding a +0 arbalest and wearing a +0 ring mail (moderately wounded) Poisonous vapours surround the orc warrior!
The orc warrior is poisoned.
MP[-2]
You lost 2 mp, and now have 4/12 mp.
Casting: Poisonous Vapours (safe; 1% risk of failure)
Confirm with . or Enter, or press ? or * to list all spells.
Aiming: Poisonous Vapours (safe; 1% risk of failure)
Press: ? - help, Dir - move target, f/p - orc warrior
Aim: an orc warrior, wielding a +0 arbalest and wearing a +0 ring mail (moderately wounded, very poisoned) Poisonous vapours surround the orc warrior!
The orc warrior looks as sick as possible!
The orc warrior shoots a bolt.
The bolt hits you!!
* * * LOW HITPOINT WARNING * * *
HP[-26] MP[-2]
You take 26 damage, and now have 22/64 hp.
MASSIVE DAMAGE!! (PAUSE)
You lost 2 mp, and now have 2/12 mp.
Found a gate leading back out of this place. 2 orcs come into view.
The orc shouts!
You hear a shout!
An orc comes into view. It is wielding a +0 arbalest.
The orc moves out of view.
The orc shoots a bolt.
The bolt misses you.
The orc shoots a bolt.
The bolt misses you.
HP[+1]
The orc warrior shoots a bolt.
The bolt closely misses you.
The orc warrior shoots a bolt.
The bolt completely misses you.
The orc shoots a bolt.
The bolt closely misses you.
Casting: Poisonous Vapours (safe; 1% risk of failure)
Confirm with . or Enter, or press ? or * to list all spells.
You don't have enough magic to cast this spell.
As you read the scroll of fog, it crumbles to dust.
The scroll dissolves into smoke.
The orc warrior shoots a bolt.
The bolt misses you.
The orc shoots a bolt.
The bolt hits you!
* * * LOW HITPOINT WARNING * * *
HP[-15] MP[+1]
You take 15 damage, and now have 8/64 hp.
MASSIVE DAMAGE!! (PAUSE)
The orc shoots a bolt.
The bolt misses you.
The orc warrior shoots a bolt.
The bolt hits you!
You die...
Your body crumbles into a pile of gold.

Skill      XL: |  1  2  3  4  5  6  7  8  9 |
---------------+----------------------------+-----
Stealth        | 3 4 5 |  5.9
Poison Magic   | 4 5 6 9 10 | 10.0
Fighting       | 1 6 7 |  7.0
Dodging        | 6 7 |  7.0
Conjurations   | 2 |  2.5
Hexes          | 2 |  2.6
Spellcasting   | |  2.0
Transmutations | |  1.0

Action                   |  1- 3 |  4- 6 |  7- 9 || total
-------------------------+-------+-------+-------++-------
Melee: Unarmed           |     2 |       |       ||     2
       Constrict         |     3 |     8 |    12 ||    23
       Whip              |    10 |       |       ||    10
       Tentacles         |     1 |     5 |    12 ||    18
       Dagger            |     4 |    28 |    38 ||    70
       Mace              |       |       |    10 ||    10
 Cast: Sting             |    51 |    40 |    13 ||   104
       Poisonous Vapours |       |    14 |    30 ||    44
       Olgreb's Toxic Ra |       |     6 |    36 ||    42
Evoke: Wand              |       |     6 |     3 ||     9
  Use: Scroll            |       |     6 |     9 ||    15
       Potion            |       |       |     2 ||     2
 Stab: Sleeping          |     5 |     5 |     2 ||    12
       Distracted        |       |       |     1 ||     1
Armor: Skin              |     2 |     6 |     6 ||    14
Dodge: Dodged            |    19 |    30 |    54 ||   103

Levels and vault maps discovered:
D:1:      dpeg_arrival_round_b, layout_basic, serial_shops, nicolae_square_shop,
          basic_ecumenical_altar, minmay_bisected
D:2:      layout_loops_cross
D:3:      layout_basic, tso_altar, kennysheep_potato
D:4:      layout_loops_corners, serial_co_window_serial, co_window_paths_a,
          co_window_corner_a, co_window_paths_a, co_window_paths_a,
          co_window_paths_a, co_window_unsneaky_path_a, co_window_corner_ca,
          co_window_of_opportunity_b
D:5:      layout_basic, minmay_temple_entry_statues_fountains, serial_shops,
          nicolae_shop_bloodbath_and_beyond, minmay_shop_grid_forest
D:6:      layout_loops_ring, chequers_hall_statues_wall_a, uniq_blork_the_orc,
          uniq_pikel, uniq_eustachio
D:7:      layout_loops_cross, nicolae_yredelemnul_corpse_copse,
          mainiacjoe_overflow_alcove_2, enter_bailey_5, serial_shops,
          nicolae_shop_hallway_stairs
Temple:   hellmonk_temple_two_chambers
Bailey:   bailey_polearm_2, bailey

Notes
Turn   | Place    | Note
-------+----------+-------------------------------------------
     0 | D:1      | zeratav the Octopode Venom Mage began the quest for the
                  | Orb.
     0 | D:1      | Reached XP level 1. HP: 11/11 MP: 3/3
     0 | D:1      | magus.rc [v1.9.6]
   254 | D:1      | Reached skill level 3 in Stealth
   305 | D:1      | You pick up a book of Conjurations {@e2} and begin
                  | reading...
   305 | D:1      | You add the spells Magic Dart, Searing Ray and Fulminant
                  | Prism to your library.
   404 | D:1      | Reached XP level 2. HP: 17/17 MP: 1/5
   449 | D:1      | Found a faded altar of an unknown god.
   461 | D:1      | You pick up a book of Party Tricks and begin reading...
   461 | D:1      | You add the spells Apportation and Alistair's Intoxication
                  | to your library.
   526 | D:1      | Reached skill level 4 in Poison Magic
   566 | D:1      | You pick up a book of Beasts and begin reading...
   566 | D:1      | You add the spells Summon Ice Beast, Summon Mana Viper and
                  | Monstrous Menagerie to your library.
   636 | D:1      | Found Ociux's Jewellery Shoppe.
  1119 | D:2      | Reached skill level 4 in Stealth
  1119 | D:2      | Reached XP level 3. HP: 13/21 MP: 0/6
  2214 | D:3      | Reached XP level 4. HP: 27/27 MP: 7/7
  2350 | D:3      | Reached skill level 5 in Poison Magic
  2640 | D:3      | Learned a level 2 spell: Poisonous Vapours
  2703 | D:3      | Reached skill level 5 in Stealth
  3099 | D:3      | Found a glowing golden altar of the Shining One.
  3459 | D:4      | Reached XP level 5. HP: 14/31 MP: 0/8
  4159 | D:4      | Noticed an ogre
  4165 | D:4      | Killed an ogre
  4166 | D:4      | Reached skill level 6 in Poison Magic
  4166 | D:4      | Reached XP level 6. HP: 36/36 MP: 6/9
  4317 | D:4      | Reached skill level 7 in Poison Magic
  4648 | D:4      | You pick up a book of Flames and begin reading...
  4648 | D:4      | You add the spells Foxfire, Conjure Flame, Inner Flame and
                  | Flame Wave to your library.
  4955 | D:4      | Learned a level 4 spell: Olgreb's Toxic Radiance
  5149 | D:5      | Entered Level 5 of the Dungeon
  5194 | D:5      | Reached skill level 8 in Poison Magic
  5225 | D:5      | Found a staircase to the Ecumenical Temple.
  5234 | Temple   | Entered the Ecumenical Temple
  5254 | Temple   | Became a worshipper of Gozag Ym Sagoz the Greedy
  5359 | D:5      | Noticed a water moccasin
  5367 | D:5      | Killed a water moccasin
  5367 | D:5      | HP: 8/36 [poisoned by a water moccasin]
  5368 | D:5      | Reached skill level 9 in Poison Magic
  5368 | D:5      | Reached XP level 7. HP: 10/41 MP: 7/10
  5988 | D:5      | Reached skill level 10 in Poison Magic
  6054 | D:5      | Found Jaefiy's Weapon Boutique.
  6066 | D:5      | Reached skill level 1 in Fighting
  6066 | D:5      | Reached XP level 8. HP: 49/49 MP: 1/11
  6267 | D:5      | Found Saxacahuec's Magic Scroll Shop.
  6283 | D:4      | Reached skill level 2 in Fighting
  6283 | D:4      | Reached skill level 3 in Dodging
  6482 | D:5      | Bought a scroll of identify for 22 gold pieces
  6482 | D:5      | Bought a scroll of identify for 22 gold pieces
  7013 | D:6      | Reached skill level 3 in Fighting
  7274 | D:6      | Reached skill level 4 in Dodging
  7439 | D:6      | Reached skill level 4 in Fighting
  7554 | D:6      | Reached skill level 5 in Dodging
  7822 | D:6      | Noticed a two-headed ogre
  8004 | D:5      | Identified +0 pearl dragon scales
  8005 | D:5      | z - +0 pearl dragon scales {rare=g}
  8025 | D:5      | You drop +0 pearl dragon scales {rare=g}.
  8121 | D:6      | Noticed Eustachio
  8318 | D:6      | Killed a two-headed ogre
  8319 | D:6      | Reached skill level 6 in Fighting
  8319 | D:6      | Reached skill level 6 in Dodging
  8319 | D:6      | Reached XP level 9. HP: 62/62 MP: 1/12
  8420 | D:6      | Killed Eustachio
  8601 | D:6      | Noticed Pikel
  8615 | D:6      | Killed Pikel
  8616 | D:6      | Reached skill level 7 in Fighting
  8616 | D:6      | Reached skill level 7 in Dodging
  8709 | D:6      | Identified the ring of Wauguan {rPois Will- Dex+2 SInv}
  8744 | D:6      | Noticed Blork the orc
  8757 | D:6      | Killed Blork the orc
  8879 | D:7      | Reached skill level 1 in Conjurations
  8879 | D:7      | Reached skill level 1 in Hexes
  8885 | D:7      | Reached skill level 2 in Conjurations
  8885 | D:7      | Reached skill level 2 in Hexes
  9037 | D:7      | Found a flagged portal.
  9055 | Bailey   | Entered a bailey
  9169 | Bailey   | HP: 8/64 [orc/bolt (15)]
  9171 | Bailey   | Shot with a bolt by an orc warrior

Vanquished Creatures
  A two-headed ogre (D:6)
  Pikel (D:6)
  A wyvern (D:7)
  Eustachio (D:6)
  A water moccasin (D:5)
  A black bear (D:6)
  2 orc warriors
  A sky beast (D:6)
  3 ogres
  2 centaurs (D:6)
  2 lemures (D:6)
  A phantom (D:4)
  Blork the orc (D:6)
  2 bullfrogs
  A scorpion (D:7)
  A necrophage (D:5)
  3 hounds (D:5)
  3 orc priests
  3 iguanas
  6 orc wizards
  4 gnolls (D:4)
  9 adders
  An ufetubus (D:4)
  3 worms (D:2)
  3 dart slugs
  18 orcs
  A bat (D:1)
  4 endoplasms
  4 giant cockroaches
  7 goblins
  4 hobgoblins
  10 jackals
  2 quokkas (D:1)
  7 ball pythons
  5 frilled lizards
  3 kobolds
  A rat (D:1)
123 creatures vanquished.

Table legend:
 A = Non-vault XP
 B = Vault XP
 C = Vault XP percentage of total XP
 D = Non-vault monster count
 E = Vault monster count
 F = Vault count percentage of total count
                 A         B        C        D         E       F
            +---------+---------+-------+---------+---------+-------
      Total |    3554 |    1016 |  22.2 |     108 |      13 |  10.7
            +---------+---------+-------+---------+---------+-------
        D:1 |      21 |       3 |  12.5 |      13 |       2 |  13.3
        D:2 |      55 |       0 |   0.0 |      13 |       0 |   0.0
        D:3 |      46 |       4 |   8.0 |      11 |       2 |  15.4
        D:4 |     443 |       0 |   0.0 |      21 |       0 |   0.0
        D:5 |     902 |       0 |   0.0 |      25 |       0 |   0.0
        D:6 |    1697 |     873 |  34.0 |      22 |       3 |  12.0
        D:7 |     390 |       8 |   2.0 |       3 |       4 |  57.1
     Bailey |       0 |     128 | 100.0 |       0 |       2 | 100.0
            +---------+---------+-------+---------+---------+-------

Illustrated notes

Table legend:
 A = Kills in this place as a percentage of kills in entire the game.
 B = Kills by you in this place as a percentage of kills by you in the entire game.
 C = Kills by friends in this place as a percentage of kills by friends in the entire game.
 D = Other kills in this place as a percentage of other kills in the entire game.
 E = Experience gained in this place as a percentage of experience gained in the entire game.
 F = Experience gained in this place divided by the number of levels of this place that you have seen.
                   A       B       C       D       E      F
               +-------+-------+-------+-------+-------+----------------------
         Total | 100.0 | 100.0 |   N/A |   N/A | 100.0 | 507.8
       Dungeon |  98.3 |  98.3 |   N/A |   N/A |  97.2 | 634.6
        Bailey |   1.7 |   1.7 |   N/A |   N/A |   2.8 | 128.0
               +-------+-------+-------+-------+-------+----------------------

Table legend: (Time is in decaauts)
 A = Elapsed time spent in this place.
 B = Non-inter-level travel time spent in this place.
 C = Inter-level travel time spent in this place.
 D = Time resting spent in this place.
 E = Time spent auto-exploring this place.
 F = Levels seen in this place.
 G = Mean time per level.
                   A        B        C        D        E       F      G
               +--------+--------+--------+--------+--------+-----+--------+
         Total |   9174 |   8882 |    292 |   1438 |   6199 |   9 | 1019.3 |
       Dungeon |   9033 |   8753 |    280 |   1380 |   6171 |   7 | 1290.4 |
        Temple |     24 |     13 |     11 |      0 |     10 |   1 |   24.0 |
        Bailey |    115 |    115 |      0 |     58 |     18 |   1 |  115.0 |
               +--------+--------+--------+--------+--------+-----+--------+

Top non-repeatable levels by time:
     D:4: 1938 daAuts
     D:6: 1867 daAuts
     D:5: 1801 daAuts
     D:3: 1179 daAuts
     D:2: 1097 daAuts
     D:1: 1093 daAuts
  Bailey: 115 daAuts
     D:7: 55 daAuts
  Temple: 24 daAuts
